 Dungeon Crawl Stone Soup version 0.31-a0-1237-gabc64e778c (webtiles) character file.

Game seed: 7512386023686495258

13 Arzdou the Firebug (level 2, 0/19 HPs)
             Began as a Demonspawn Fire Elementalist on Dec 15, 2023.
             Slain by a hobgoblin (3 damage)
             ... on level 1 of the Dungeon.
             The game lasted 00:00:39 (193 turns).

Arzdou the Firebug (Demonspawn Fire Elementalist)    Turns: 193, Time: 00:00:40

Health: 0/19       AC:  2    Str: 14    XL:     2   Next: 24%
Magic:  1/5        EV: 12    Int: 15    God:
Gold:   0          SH:  0    Dex: 13    Spells: 4/5 levels left

rFire   . . .        c - +0 whip
rCold   . . .        (no shield)
rNeg    . . .        a - +0 robe
rPois   .            (no helmet)
rElec   .            (no cloak)
rCorr   .            (no gloves)
SInv    .            (no boots)
Will    .....        (no amulet)
Stlth   ++           e - +6 ring of strength
HPRegen 0.23/turn    (no ring)
MPRegen 0.09/turn

%: no passive effects
@: lethally poisoned (0 -> -3), very slightly contaminated
A: demonic touch 1
a: no special abilities


You were on level 1 of the Dungeon.
You visited 1 branch of the dungeon, and saw 2 of its levels.

Inventory:

Hand Weapons
 c - a +0 whip (weapon)
Armour
 a - a +0 robe (worn)
Jewellery
 e - a +6 ring of strength (left hand)
Scrolls
 d - a scroll of teleportation {unknown}
 f - a scroll of immolation {unknown}
Potions
 b - a potion of magic


   Skills:
 + Level 2.0 Dodging
 + Level 2.0 Stealth
 + Level 2.1 Spellcasting
 + Level 1.3 Conjurations
 + Level 2.8 Fire Magic


You had 4 spell levels left.
You knew the following spells:

 Your Spells              Type           Power      Damage    Failure   Level
a - Foxfire               Conj/Fire      28%        2x1d5     10%         1

Your spell library contained the following spells:

 Spells                   Type           Power      Damage    Failure   Level
 Scorch                   Fire           20%        2d5       11%         2
 Inner Flame              Hex/Fire       5%         N/A       36%         3
 Volatile Blastmotes      Fire/Tloc      10%        2d10      36%         3
 Flame Wave               Conj/Fire      7%         2d5       67%         4


Dungeon Overview and Level Annotations

Branches:
Dungeon (2/15)

Altars:


Innate Abilities, Weirdness & Mutations

Your touch may inflict minor irresistible damage on your foes.


Message History

The goblin closely misses you.
The kobold hits you with a +0 dagger of venom.
You are poisoned.
You conjure some foxfire!
You feel sick.
The foxfire hits the kobold but does no damage.
The foxfire hits the goblin.
The goblin is heavily wounded.
The goblin hits you with a +0 dagger.
The kobold hits you with a +0 dagger of venom.
You are lethally poisoned!
You barely miss the kobold.
* * * LOW HITPOINT WARNING * * *
You feel very sick.
The foxfire hits the goblin.
You kill the goblin!
The foxfire hits the kobold.
You kill the kobold!
It was a potion of heal wounds.
You feel much better.
You feel very sick. The hobgoblin hits you.
You miscast Foxfire.
You are very lightly contaminated with residual magic.
Nothing appears to happen.
You feel very sick. The hobgoblin completely misses you.
You miscast Foxfire.
Nothing appears to happen.
You feel sick. The hobgoblin misses you.
You are too injured to fight recklessly!
Unknown command.
You barely miss the hobgoblin.
You feel sick. The hobgoblin hits you.
You closely miss the hobgoblin.
* * * LOW HITPOINT WARNING * * *
You feel sick. The hobgoblin barely misses you.
You hit the hobgoblin but do no damage.
* * * LOW HITPOINT WARNING * * *
You feel sick. The hobgoblin closely misses you.
You closely miss the hobgoblin.
* * * LOW HITPOINT WARNING * * *
You feel sick. The hobgoblin hits you.
You die...

.##.## ♣... .. #....###
♣∩.♣. ... #...... ....
♣< ..# ##....####.♣♣ .♣.
#.###..........♣ ... #
#........# .. ∩..
...###.#..#.####.# ♣♣♣∩∩
..........#.##.#.##.♣♣♣♣
#.....g@..#...........♣♣
#.....))#.##......##⌠...
#.......#.......>.# ####
#..=....####.....##
#.......# ##...##
#.......# ##..##
####.#########.#.##
#..........###.######
####......#.....##.


You could see a hobgoblin.

Vanquished Creatures
  A dart slug (D:1)
  2 bats (D:1)
  An endoplasm (D:1)
  A goblin (D:1)
  4 kobolds (D:1)
  A frilled lizard (D:1)
10 creatures vanquished.

Vanquished Creatures (others)
  8 foxfires (D:1)
8 creatures vanquished.

Grand Total: 18 creatures vanquished

Notes
Turn   | Place    | Note
-------+----------+-------------------------------------------
     0 | D:1      | Arzdou the Demonspawn Fire Elementalist began the quest for
                  | the Orb.
     0 | D:1      | Reached XP level 1. HP: 13/13 MP: 3/3
   114 | D:1      | You fall into a shaft and drop 1 floor!
   183 | D:1      | Gained mutation: Your touch may inflict minor irresistible
                  | damage on your foes. [demonic ancestry]
   183 | D:1      | Reached XP level 2. HP: 19/19 MP: 5/5
   193 | D:1      | Slain by a hobgoblin

Illustrated notes

Levels and vault maps discovered:
D:1:      heliophobic_arrival_henge, layout_loops_ring,
          hellmonk_ecumenical_altar_crossroads
D:2:      layout_loops_ring

Skill      XL: |  1 |
---------------+----+-----
Dodging        | 2 |  2.0
Stealth        | 2 |  2.0
Spellcasting   | |  2.1
Conjurations   | |  1.3
Fire Magic     | |  2.8

Action                     || total
---------------------------++-------
  Melee: Whip              ||    20
   Cast: Foxfire           ||     5
    Use: Potion            ||     1
   Stab: Sleeping          ||     1
 Armour: Robe              ||    14
  Dodge: Dodged            ||    16

Table legend: (Time is in decaauts)
 A = Elapsed time spent in this place.
 B = Non-inter-level travel time spent in this place.
 C = Inter-level travel time spent in this place.
 D = Time resting spent in this place.
 E = Time spent auto-exploring this place.
 F = Levels seen in this place.
 G = Mean time per level.
                   A        B        C        D        E       F      G
               +--------+--------+--------+--------+--------+-----+--------+
         Total |    194 |    190 |      4 |      0 |    128 |   2 |   97.0 |
       Dungeon |    194 |    190 |      4 |      0 |    128 |   2 |   97.0 |
               +--------+--------+--------+--------+--------+-----+--------+

Top non-repeatable levels by time:
     D:1: 169 daAuts
     D:2: 24 daAuts
